 Dungeon Crawl Stone Soup version 0.31.0-11-ge490571c62 (webtiles) character file.

Game seed: 1535777209655242679

816 qw the Skirmisher (level 7, -10/37 (40) HPs)
             Began as a Deep Elf Hunter on Feb 3, 2024.
             Mangled by Duvessa
             ... wielding a +4 short sword of draining
              (13 damage)
             ... on level 6 of the Dungeon.
             The game lasted 00:00:18 (3711 turns).

qw the Skirmisher (Deep Elf Hunter)                 Turns: 3711, Time: 00:00:18

HP:   -10/37 (40)   AC:  6    Str: 12    XL:     7   Next: 62%
MP:   9/9           EV: 12    Int: 13    God:
Gold: 268           SH:  0    Dex: 19    Spells: 6/6 levels left

rFire   . . .        a - +1 shortbow (freeze)
rCold   . . .        (shield currently unavailable)
rNeg    . . .        g - +0 ring mail
rPois   .            (helmet restricted)
rElec   .            j - +0 cloak
rCorr   .            (no gloves)
SInv    .            (no boots)
Will    .....        (no amulet)
Stlth   +            (no ring)
HPRegen 0.26/turn    (no ring)
MPRegen 0.11/turn

%: no passive effects
@: hasted, drained, very quick
A: antennae 1, strong 1
a: no special abilities


You were on level 6 of the Dungeon.
You visited 2 branches of the dungeon, and saw 7 of its levels.

You collected 268 gold pieces.


Innate Abilities, Weirdness & Mutations

You have a pair of small antennae on your head.
Your muscles are strong. (Str +4, Int/Dex -1)


   Skills:
 - Level 2.0 Fighting
 + Level 11.1 Ranged Weapons
 - Level 1.3 Armour
 - Level 4.4 Dodging
 - Level 1.2 Stealth


You had 6 spell levels left.
You didn't know any spells.
Your spell library was empty.

Inventory:

Hand Weapons
 a - a +1 shortbow of freezing (weapon)
Armour
 g - a +0 ring mail (worn)
 j - a +0 cloak (worn)
Wands
 i - a wand of mindburst (12)
Potions
 b - a potion of enlightenment
 d - 3 potions of mutation
 e - 4 potions of curing
 f - a potion of cancellation
 k - a potion of degeneration {unknown}
 n - a potion of might

Dungeon Overview and Level Annotations

Branches:
Dungeon (6/15)             Temple (1/1) D:6

Altars:
Ashenzari
Cheibriados
Dithmenos
Elyvilon
Fedhas
Kikubaaqudgha
Makhleb
Nemelex Xobeh
Qazlal
Ru
Sif Muna
Trog
Uskayaw
Wu Jian
Xom
Yredelemnul

Annotations:
D:6 Duvessa


Message History

Aiming: Bolt of Light
Press: ? - help, Q - select action, (/) - cycle Shift-Dir - straight line, f/p - Duvessa The bolt of light hits the hound!
You kill the hound!
The bolt of light hits Duvessa!
Duvessa is heavily wounded.
3706 ||| ZAPPING wand of light (4) at -1,-1 (Duvessa; floor).
Aiming: Bolt of Light
Press: ? - help, Q - select action, (/) - cycle Shift-Dir - straight line, f/p - Duvessa The bolt of light hits Duvessa!
Duvessa is severely wounded.
Duvessa misses you.
Duvessa hits you with a +4 short sword of draining.
You feel drained.
3707 ||| ZAPPING wand of light (3) at -1,-1 (Duvessa; floor).
Aiming: Bolt of Light
Press: ? - help, Q - select action, (/) - cycle Shift-Dir - straight line, f/p - Duvessa The bolt of light misses Duvessa.
Duvessa misses you.
3708 ||| ZAPPING wand of light (2) at -1,-1 (Duvessa; floor).
Aiming: Bolt of Light
Press: ? - help, Q - select action, (/) - cycle Shift-Dir - straight line, f/p - Duvessa The bolt of light hits Duvessa!
Duvessa is severely wounded.
Duvessa misses you.
Duvessa hits you with a +4 short sword of draining!!
You feel drained.
3709 ||| ZAPPING wand of light (1) at -1,-1 (Duvessa; floor).
Aiming: Bolt of Light
Press: ? - help, Q - select action, (/) - cycle Shift-Dir - straight line, f/p - Duvessa The bolt of light hits Duvessa!
Duvessa is almost dead.
The now-empty wand crumbles to dust.
Duvessa closely misses you.
3710 ||| DRINKING potion of haste.
You feel yourself speed up. Duvessa misses you. x2
You shoot an arrow. The arrow hits Duvessa.
The arrow freezes Duvessa.
Duvessa is almost dead.
Duvessa hits you with a +4 short sword of draining!
You die...

# . #.
..##.#
......###
#<.e.###
,#@..#
+...#
#...#######
#...#.....#
#...#.....#
#...#.....#
#...#.....#
#...#.....#
#.###.....#


You could see Duvessa (berserk, blind, unable to see you).

Vanquished Creatures
  A black bear (D:5)
  A phantom (D:5)
  An ogre (D:4)
  A bullfrog (D:6)
  Dowan (D:6)
  2 bombardier beetles (D:5)
  3 jellies (D:5)
  3 hounds
  2 orc priests
  An iguana (D:5)
  An orc wizard (D:4)
  An adder (D:5)
  2 ribbon worms
  A dart slug (D:3)
  9 orcs
  7 ball pythons
  7 endoplasms
  A giant cockroach (D:4)
  6 goblins
  4 hobgoblins
  10 jackals
  2 kobolds
  4 quokkas
  4 bats
  3 frilled lizards
78 creatures vanquished.

Notes
Turn   | Place    | Note
-------+----------+-------------------------------------------
     0 | D:1      | qw the Deep Elf Hunter began the quest for the Orb.
     0 | D:1      | Reached XP level 1. HP: 12/12 MP: 3/3
     0 | D:1      | 0 ||| qw: Version: 0.3-a-158-g18b3111
     0 | D:1      | 0 ||| qw: Game counter: 4115
     0 | D:1      | 0 ||| qw: Melee chars always use a shield: true
     0 | D:1      | 0 ||| qw: God list: Okawaru
     0 | D:1      | 0 ||| qw: Allow faded altars: false
     0 | D:1      | 0 ||| qw: Do Orc after clearing Dungeon:15 true
     0 | D:1      | 0 ||| qw: Do second Lair branch before Depths: true
     0 | D:1      | 0 ||| qw: Lair rune preference: random
     0 | D:1      | 0 ||| qw: Goals: Normal
     0 | D:1      | 0 ||| PLANNING D:1-11
   228 | D:1      | Found a faded altar of an unknown god.
   442 | D:1      | 442 ||| UPGRADING to +0 ring mail.
   452 | D:1      | 452 ||| DROPPING +0 leather armour.
   453 | D:1      | 453 ||| READING scroll labelled DAICVIETIBB.
   453 | D:1      | 453 ||| BRANDING +0 shortbow.
   454 | D:1      | 454 ||| DRINKING 2 inky potions.
   454 | D:1      | Gained mutation: You have a pair of small antennae on your
                  | head. [potion of mutation]
   454 | D:1      | Gained mutation: Your muscles are strong. (Str +4, Int/Dex
                  | -1) [potion of mutation]
   455 | D:1      | 455 ||| DRINKING 2 red potions.
   456 | D:1      | 456 ||| DRINKING 2 clear potions.
   457 | D:1      | 457 ||| DROPPING scroll of butterflies.
   495 | D:2      | Reached skill level 6 in Ranged Weapons
   495 | D:2      | Reached XP level 2. HP: 16/16 MP: 4/4
  1303 | D:2      | 1303 ||| READING scroll labelled ECIAMEKKOL.
  1303 | D:2      | 1303 ||| IDENTIFYING brown potion
  1304 | D:2      | 1304 ||| READING scroll labelled OCUTSI OCUBYNN.
  1305 | D:2      | 1305 ||| DRINKING 2 sapphire potions.
  1481 | D:3      | Reached XP level 3. HP: 17/20 MP: 5/5
  1772 | D:3      | Reached skill level 7 in Ranged Weapons
  1978 | D:3      | 1978 ||| UPGRADING to +0 cloak.
  2025 | D:4      | Reached XP level 4. HP: 25/25 MP: 6/6
  2180 | D:4      | Reached skill level 8 in Ranged Weapons
  2180 | D:4      | 2180 ||| FLEEEEING.
  2181 | D:4      | 2181 ||| FLEEEEING.
  2182 | D:4      | 2182 ||| FLEEEEING.
  2183 | D:4      | 2183 ||| STAIRDANCE
  2349 | D:4      | Noticed an ogre
  2350 | D:4      | 2350 ||| DRINKING 2 potions of haste.
  2355 | D:4      | Killed an ogre
  2356 | D:4      | Reached skill level 9 in Ranged Weapons
  2356 | D:4      | Reached XP level 5. HP: 29/29 MP: 7/7
  2529 | D:4      | 2529 ||| READING scroll labelled ZUENKU BYGRUCW.
  2546 | D:5      | Entered Level 5 of the Dungeon
  2604 | D:5      | Reached skill level 3 in Dodging
  2604 | D:5      | Reached XP level 6. HP: 35/35 MP: 8/8
  2732 | D:5      | 2732 ||| FLEEEEING.
  2733 | D:5      | 2733 ||| FLEEEEING.
  2734 | D:5      | 2734 ||| FLEEEEING.
  2736 | D:5      | 2736 ||| FLEEEEING.
  2737 | D:5      | 2737 ||| FLEEEEING.
  2738 | D:5      | 2738 ||| FLEEEEING.
  2739 | D:5      | 2739 ||| FLEEEEING.
  2740 | D:5      | 2740 ||| FLEEEEING.
  2741 | D:5      | 2741 ||| FLEEEEING.
  2742 | D:5      | 2742 ||| FLEEEEING.
  2743 | D:5      | 2743 ||| FLEEEEING.
  2744 | D:5      | 2744 ||| FLEEEEING.
  2745 | D:5      | 2745 ||| FLEEEEING.
  2746 | D:5      | 2746 ||| FLEEEEING.
  2747 | D:5      | 2747 ||| FLEEEEING.
  2748 | D:5      | 2748 ||| FLEEEEING.
  2749 | D:5      | 2749 ||| FLEEEEING.
  2750 | D:5      | 2750 ||| FLEEEEING.
  2751 | D:5      | 2751 ||| FLEEEEING.
  2752 | D:5      | 2752 ||| FLEEEEING.
  2753 | D:5      | 2753 ||| FLEEEEING.
  2754 | D:5      | 2754 ||| FLEEEEING.
  2755 | D:5      | 2755 ||| FLEEEEING.
  2756 | D:5      | 2756 ||| FLEEEEING.
  3004 | D:5      | Reached skill level 10 in Ranged Weapons
  3164 | D:5      | Reached skill level 1 in Armour
  3244 | D:5      | 3244 ||| ZAPPING wand of light (7) at 0,-1 (black bear;
                  | floor).
  3245 | D:5      | Reached XP level 7. HP: 28/40 MP: 9/9
  3356 | D:5      | Reached skill level 11 in Ranged Weapons
  3508 | D:5      | 3508 ||| READING 2 scrolls of identify.
  3508 | D:5      | 3508 ||| IDENTIFYING murky emerald potion
  3509 | D:5      | 3509 ||| READING scroll of identify.
  3509 | D:5      | 3509 ||| IDENTIFYING amethyst potion
  3510 | D:5      | 3510 ||| READING scroll labelled UXOUWK AXETHY.
  3510 | D:5      | 3510 ||| ENCHANTING +0 shortbow of freezing.
  3511 | D:5      | 3511 ||| READING scroll labelled IWESUO XAIRPH.
  3512 | D:5      | 3512 ||| DROPPING potion of berserk rage.
  3514 | D:5      | 3514 ||| Stepping ~*~*~tactically~*~*~ (cloud).
  3631 | D:6      | Found a staircase to the Ecumenical Temple.
  3632 | D:6      | 3632 ||| PLANNING TEMPLE
  3638 | Temple   | Entered the Ecumenical Temple
  3639 | Temple   | 3639 ||| PLANNING D:1-11
  3687 | D:6      | Noticed Duvessa
  3689 | D:6      | Noticed Dowan
  3699 | D:6      | Killed Dowan
  3704 | D:6      | 3704 ||| ZAPPING wand of light (6) at -2,-1 (Duvessa;
                  | floor).
  3705 | D:6      | 3705 ||| ZAPPING wand of light (5) at -2,-1 (Duvessa;
                  | floor).
  3706 | D:6      | 3706 ||| ZAPPING wand of light (4) at -1,-1 (Duvessa;
                  | floor).
  3707 | D:6      | 3707 ||| ZAPPING wand of light (3) at -1,-1 (Duvessa;
                  | floor).
  3708 | D:6      | 3708 ||| ZAPPING wand of light (2) at -1,-1 (Duvessa;
                  | floor).
  3708 | D:6      | HP: 6/39 [Duvessa/+4 short sword of draining (18)]
  3708 | D:6      | HP: 2/37 [Duvessa/+4 short sword of draining (4)]
  3709 | D:6      | 3709 ||| ZAPPING wand of light (1) at -1,-1 (Duvessa;
                  | floor).
  3710 | D:6      | 3710 ||| DRINKING potion of haste.
  3711 | D:6      | Mangled by Duvessa

Levels and vault maps discovered:
D:1:      amcnicky_arrival_feature_with_door, layout_basic,
          ebering_ecumenical_altar_hall
D:2:      layout_basic, minmay_misc_feat_cross, minmay_crystal_room
D:3:      layout_basic
D:4:      layout_cave_pools, chequers_serial_rivers_micro_a
D:5:      layout_gridville, kennysheep_decorative_pillar
D:6:      layout_basic, nicolae_overflow_squiral, minmay_temple_entry_offerings,
          uniq_duvessa
Temple:   kb_temple_of_zot

Skill      XL: |  1  2  3  4  5  6  7 |
---------------+----------------------+-----
Ranged Weapons | 6 7 9 10 11 | 11.1
Fighting       | 2 |  2.0
Dodging        | 3 4 |  4.4
Armour         | 1 |  1.3
Stealth        | |  1.2

Action                     |  1- 3 |  4- 6 |  7- 9 || total
---------------------------+-------+-------+-------++-------
   Fire: Shortbow          |    98 |   117 |    42 ||   257
  Evoke: Wand              |       |     1 |     6 ||     7
    Use: Potion            |     4 |     1 |     1 ||     6
         Scroll            |     3 |     1 |     4 ||     8
 Armour: Leather armour    |     6 |       |       ||     6
         Ring mail         |    17 |    43 |    19 ||    79
  Dodge: Dodged            |    30 |    41 |    23 ||    94

Table legend:
 A = Non-vault XP
 B = Vault XP
 C = Vault XP percentage of total XP
 D = Non-vault monster count
 E = Vault monster count
 F = Vault count percentage of total count
                 A         B        C        D         E       F
            +---------+---------+-------+---------+---------+-------
      Total |    1098 |      69 |   5.9 |      77 |       1 |   1.3
            +---------+---------+-------+---------+---------+-------
        D:1 |      11 |       0 |   0.0 |       6 |       0 |   0.0
        D:2 |      27 |       0 |   0.0 |      13 |       0 |   0.0
        D:3 |      35 |       0 |   0.0 |      19 |       0 |   0.0
        D:4 |     264 |       0 |   0.0 |      19 |       0 |   0.0
        D:5 |     626 |       0 |   0.0 |      17 |       0 |   0.0
        D:6 |     135 |      69 |  33.8 |       3 |       1 |  25.0
            +---------+---------+-------+---------+---------+-------
